 Dungeon Crawl Stone Soup version 0.28-a0-268-g3f656e82c2 (webtiles) character file.

Game seed: 8633463154792814810

351 PentaManta the Cudgeller (level 6, -2/37 HPs)
             Began as a Gargoyle Monk on Aug 28, 2021.
             Killed from afar by Pikel (4 damage)
             ... with a puff of flame
             ... on level 4 of the Dungeon.
             The game lasted 00:03:30 (3251 turns).

PentaManta the Cudgeller (Gargoyle Monk)            Turns: 3251, Time: 00:03:30

Health: -2/37      AC:  9    Str: 17    XL:     6   Next: 61%
Magic:  6/6        EV: 11    Int: 10    God:
Gold:   118        SH:  0    Dex: 12    Spells: 5/5 levels left

rFire   . . .      SeeInvis .   i - +0 flail
rCold   . . .      Faith    .   (no shield)
rNeg    + . .      Spirit   .   d - +0 ring mail
rPois   ∞          Reflect  .   (no helmet)
rElec   +          Harm     .   (no cloak)
rCorr   .          Rampage  .   (no gloves)
Will    .....                   (no boots)
Stlth   +.........              (no amulet)
HPRegen 0.12/turn               (no ring)
MPRegen 0.10/turn               (no ring)

@: mighty
A: sickness immunity, AC +4, negative energy resistance 1, electricity
resistance, torment resistance 1, petrification resistance
a: no special abilities


You were on level 4 of the Dungeon.
You visited 1 branch of the dungeon, and saw 4 of its levels.

You collected 118 gold pieces.

Inventory:

Hand Weapons
 i - a +0 flail (weapon)
 r - a +0 morningstar
 s - a +1 vampiric whip
Armour
 b - a +0 robe
 d - a +0 ring mail (worn)
Wands
 o - a wand of mindburst (4)
Scrolls
 e - 2 scrolls of amnesia {unknown}
 f - a scroll of enchant weapon {unknown}
 h - a scroll of vulnerability {unknown}
 l - 3 scrolls of identify {unknown}
Potions
 c - a potion of flight {unknown}
 g - a potion of degeneration {unknown}
 k - 2 potions of might
 m - 2 potions of heal wounds {unknown}
 n - a potion of magic {unknown}
 p - a potion of curing {unknown}
 q - a potion of invisibility {unknown}


   Skills:
 - Level 3.2 Fighting
 + Level 7.2 Maces & Flails
 - Level 2.4 Dodging
 - Level 2.1 Stealth


You had 5 spell levels left.
You didn't know any spells.
Your spell library contained the following spells:

 Spells                   Type           Power      Damage    Failure   Level
 Sting                    Tmut/Pois      0%         1d3       56%         1
 Poisonous Vapours        Pois/Air       0%         N/A       71%         2
 Olgreb's Toxic Radiance  Pois           0%         N/A       100%        4


Dungeon Overview and Level Annotations

Branches:
Dungeon (4/15)
 Temple: D:4-7

Altars:
Trog

Annotations:
D:4 Pikel


Innate Abilities, Weirdness & Mutations

You are immune to sickness and miasma.
Your stone body is resilient. (AC +4)
You are immune to poison.
You resist negative energy. (rN+)
You are resistant to electric shocks. (rElec)
You are resistant to unholy torment.
You are immune to petrification.


Message History

Pikel is heavily wounded.
Pikel barely misses you.
You closely miss Pikel.
Pikel is heavily wounded.
Pikel says, "You'll make a fine lemure."
Pikel hits you with a +2 whip of freezing.
Pikel freezes you.
You closely miss Pikel.
Pikel is heavily wounded.
Pikel says, "You'll feel the lick of my whip!"
Pikel zaps a wand.
The puff of flame hits you.
You miss Pikel.
Pikel is heavily wounded.
Pikel closely misses you.
You hit Pikel but do no damage.
Pikel is heavily wounded.
Pikel says, "You'll make a fine lemure."
Pikel hits you with a +2 whip of freezing.
Pikel freezes you.
You hit Pikel.
Pikel is heavily wounded.
Pikel hits you with a +2 whip of freezing.
Pikel freezes you.
* * * LOW HITPOINT WARNING * * *
You hit Pikel but do no damage.
Pikel is heavily wounded.
Pikel misses you.
You hit Pikel.
Pikel is severely wounded.
Pikel says, "Hell isn't that bad."
Pikel zaps a wand.
The puff of flame hits you but does no damage.
You closely miss Pikel.
Pikel is severely wounded.
Pikel zaps a wand.
The puff of flame hits you!
* * * LOW HITPOINT WARNING * * *
It was a potion of might.
You feel very mighty all of a sudden.
Pikel zaps a wand.
The puff of flame hits you.
You die...

#....###. ####
#.....##. ##...
#........ ##..#.
#....##...####..###
#5555# #........#
#lSK.# #..♣♣.♣♣.#
#J#####.#♣#'#♣.#
#K##......'_+..#
#@##.....♣#+#♣.#
#.##.....♣♣.♣♣.#
#.##...........#
#.##...........#
#.#....#######.#
#.#....########
#.#....'.......
#.#....###########
#.........##<.....


You could see Pikel, 3 lemures, an iguana, an adder, an endoplasm and a kobold.

Vanquished Creatures
  A black bear (D:3)
  An ice beast (D:4)
  A centaur skeleton (D:4)
  Jessica (D:2)
  4 adders (D:3)
  An adder skeleton (D:4)
  A worm (D:2)
  A dart slug (D:3)
  5 orcs
  6 endoplasms
  3 giant cockroaches
  3 goblins
  6 hobgoblins
  4 jackals (D:3)
  4 quokkas
  4 ball pythons
  10 bats
  3 frilled lizards
  5 kobolds
  7 rats
71 creatures vanquished.

Notes
Turn   | Place    | Note
-------+----------+-------------------------------------------
     0 | D:1      | PentaManta the Gargoyle Monk began the quest for the Orb.
     0 | D:1      | Reached XP level 1. HP: 14/14 MP: 1/1
   408 | D:1      | Found a faded altar of an unknown god.
   465 | D:1      | Reached XP level 2. HP: 19/19 MP: 2/2
   839 | D:2      | Reached skill level 4 in Maces & Flails
   938 | D:2      | Reached XP level 3. HP: 13/23 MP: 3/3
  1191 | D:2      | Noticed Jessica
  1235 | D:2      | Killed Jessica
  1236 | D:2      | Reached XP level 4. HP: 20/28 MP: 4/4
  1912 | D:3      | Reached skill level 5 in Maces & Flails
  1998 | D:3      | Noticed a black bear
  2008 | D:3      | Killed a black bear
  2009 | D:3      | Reached skill level 6 in Maces & Flails
  2009 | D:3      | Reached XP level 5. HP: 9/32 MP: 5/5
  2995 | D:4      | Reached XP level 6. HP: 34/37 MP: 6/6
  3198 | D:4      | Found a bloodstained altar of Trog.
  3225 | D:4      | Noticed an ice beast
  3228 | D:4      | Noticed Pikel
  3235 | D:4      | Killed an ice beast
  3236 | D:4      | Reached skill level 7 in Maces & Flails
  3249 | D:4      | HP: 1/37 [Pikel/puff of flame (9)]
  3251 | D:4      | Killed from afar by Pikel

Illustrated notes

Levels and vault maps discovered:
D:1:      dpeg_arrival_chambers_temple_mockup, layout_loops_ring,
          ebering_ecumenical_altar_sacrificial
D:2:      layout_basic, uniq_jessica
D:3:      layout_loops_ring, grunt_decor_clamped
D:4:      layout_basic, kennysheep_mini_moat, minmay_temple_entry_slanted,
          gammafunk_ghost_grave, grunt_decor_mini_mirrors, uniq_pikel,
          uniq_duvessa, uniq_robin

Skill      XL: |  1  2  3  4  5  6 |
---------------+-------------------+-----
Maces & Flails | 4 6 7 |  7.2
Fighting       | |  3.2
Dodging        | |  2.4
Stealth        | |  2.1

Action                   |  1- 3 |  4- 6 || total
-------------------------+-------+-------++-------
Melee: Mace              |    88 |       ||    88
       Flail             |       |   140 ||   140
  Use: Potion            |       |     1 ||     1
 Stab: Sleeping          |     4 |     4 ||     8
Armor: Ring mail         |    57 |    79 ||   136
Dodge: Dodged            |    68 |    93 ||   161

Table legend: (Time is in decaauts)
 A = Elapsed time spent in this place.
 B = Non-inter-level travel time spent in this place.
 C = Inter-level travel time spent in this place.
 D = Time resting spent in this place.
 E = Time spent auto-exploring this place.
 F = Levels seen in this place.
 G = Mean time per level.
                   A        B        C        D        E       F      G
               +--------+--------+--------+--------+--------+-----+--------+
         Total |   3289 |   3158 |    131 |    242 |   2366 |   4 |  822.2 |
       Dungeon |   3289 |   3158 |    131 |    242 |   2366 |   4 |  822.2 |
               +--------+--------+--------+--------+--------+-----+--------+

Top non-repeatable levels by time:
     D:3: 1222 daAuts
     D:2: 1030 daAuts
     D:1: 842 daAuts
     D:4: 193 daAuts
